 Dungeon Crawl Stone Soup version 0.22.1-2-g9c5b331383 (webtiles) character file.

37840 Ihlosi the Thaumaturge (level 14, -1/123 HPs)
             Began as a Kobold Ice Elementalist on Jan 6, 2019.
             Was a High Priest of Sif Muna.
             Slain by a skeletal warrior
             ... wielding a +1 halberd of flaming
             ... led by a skeletal warrior
              (6 damage)
             ... on level 13 of the Dungeon.
             The game lasted 01:33:04 (26107 turns).

Ihlosi the Thaumaturge (Kobold Ice Elementalist)   Turns: 26107, Time: 01:33:06

Health: -1/123     AC: 32    Str:  7    XL:     14   Next: 31%
Magic:  3/28       EV:  3    Int: 24    God:    Sif Muna [*****.]
Gold:   892        SH:  0    Dex: 16    Spells: 18/34 levels left

rFire    . . .     SeeInvis .   a - +2 dagger (venom)
rCold    . . .     Gourm    .   (shield restricted)
rNeg     + + +     Faith    .   (armour currently unavailable)
rPois    +         Spirit   .   (helmet currently unavailable)
rElec    .         Reflect  .   (cloak currently unavailable)
rCorr    .         Harm     .   (gloves currently unavailable)
MR       +....     NoTele   +   (boots currently unavailable)
Stlth    +++++.....             m - amulet of the acrobat
HPRegen  0.30/turn              o - +5 ring of protection
MPRegen  0.21/turn              v - +5 ring of intelligence

@: tree-form
A: small, carnivore
a: Divine Energy, Channel Magic, Forget Spell, Renounce Religion


You were on level 13 of the Dungeon.
You worshipped Sif Muna.
Sif Muna was extremely pleased with you.
You were very full.
You were a tree.
You visited 3 branches of the dungeon, and saw 21 of its levels.
You also visited: Ossuary.

You collected 892 gold pieces.

Inventory:

Hand Weapons
 a - a +2 dagger of venom (weapon)
 b - a +0 rapier
 c - a +4 falchion
 g - a +5 arbalest of velocity
 R - a +0 blowgun
Missiles
 n - 43 poisoned needles
 D - a throwing net (quivered)
 S - 8 curare-tipped needles
Armour
 f - a +1 pair of gloves (melded)
 l - a +0 helmet (melded)
 J - a +0 robe of the Archmagi (melded)
 M - a +1 robe of magic resistance
 U - a +0 cloak (melded)
Jewellery
 h - a +4 ring of strength
 m - an amulet of the acrobat (around neck)
 o - a +5 ring of protection (left branch)
 q - an uncursed ring of protection from magic
 v - a +5 ring of intelligence (right branch)
 C - an uncursed ring of stealth
 I - an uncursed ring of protection from magic
 Z - an uncursed ring of flight
Wands
 t - a wand of disintegration (26)
Scrolls
 d - 8 scrolls of remove curse
 j - 3 scrolls of amnesia
 w - 7 scrolls of teleportation
 y - 3 scrolls of enchant armour
 E - a scroll of immolation
 N - 3 scrolls of enchant weapon
 V - 2 scrolls of identify
 W - a scroll of magic mapping
 X - a scroll of vulnerability
Potions
 e - 4 potions of curing
 i - 4 potions of mutation
 r - a potion of berserk rage
 s - 2 potions of might
 u - a potion of ambrosia
 x - 2 potions of flight
 z - 4 potions of cancellation
 A - 2 potions of magic
 B - a potion of resistance
 F - 3 potions of brilliance
 G - 2 potions of agility
 H - 2 potions of haste
Miscellaneous
 p - a phantom mirror
 L - a sack of spiders
 Q - a box of beasts
 T - a lamp of fire (inert)
Comestibles
 K - 37 rations


   Skills:
 * Level 7.4 Fighting
 * Level 8.0 Short Blades
 - Level 0.1 Crossbows
 * Level 8.0 Dodging
 * Level 10.6 Stealth
   Level 6.0 Shields
 * Level 10.6 Spellcasting
 * Level 9.7 Conjurations
 - Level 1.0 Hexes
 * Level 10.4 Ice Magic
 * Level 7.7 Evocations


You had 18 spell levels left.
You knew the following spells:

 Your Spells              Type           Power        Failure   Level  Hunger
a - Freeze                Ice            ####         1%          1    None
b - Ensorcelled Hibernat  Hex/Ice        #####.       1%          2    None
c - Throw Icicle          Conj/Ice       ######..     1%          4    None
d - Sticky Flame          Conj/Fire      #####...     7%          4    None
e - Summon Ice Beast      Ice/Summ       #####...     6%          4    None
f - Apportation           Tloc           ##....       4%          1    None

Your spell library contained the following spells:

 Spells                   Type           Power        Failure   Level  Hunger
 Magic Dart               Conj           ####         1%          1    None
 Throw Frost              Conj/Ice       ######       1%          2    None
 Dazzling Spray           Conj/Hex       #####.       1%          3    None
 Ozocubu's Armour         Chrm/Ice       #####...     1%          3    None
 Iskenderun's Mystic Bla  Conj           ######..     1%          4    None
 Confusing Touch          Hex            ###...       3%          1    None
 Corona                   Hex            ###....      3%          1    None
 Animate Skeleton         Necr           N/A          4%          1    None
 Summon Small Mammal      Summ           ##..         4%          1    None
 Confuse                  Hex            ###.....     10%         3    None
 Tukima's Dance           Hex            ###.....     10%         3    None
 Fireball                 Conj/Fire      #####.....   19%         5    ####...
 Lightning Bolt           Conj/Air       #####.....   19%         5    ####...


Dungeon Overview and Level Annotations

Branches:
Dungeon (14/15)            Temple (1/1) D:6            Lair (6/6) D:11
 Shoals (0/4) Lair:3       Spider (0/4) Lair:3        Slime (0/5) Lair:5
    Orc (0/2) D:11
 Vaults: D:13-14

Altars:
Ashenzari
Cheibriados
Dithmenos
Elyvilon
Fedhas
Gozag
Hepliaklqana
Kikubaaqudgha
Makhleb
Nemelex Xobeh
Okawaru
Qazlal
Ru
Sif Muna
Trog
Uskayaw
Vehumet
Wu Jian
Xom
Yredelemnul
Zin
The Shining One
Beogh

Annotations:
D:3 3 runed doors, Elizilla's ghost, amateur FoFi
D:4 Need digging
D:5 ice beast
D:7 1 runed door, Knorr's ghost, novice MiFi
Lair:3 exclusion: death yak
Lair:4 exclusions: hydra and oklob plant
Lair:5 1 runed door, Rupert!, exclusion: hydra, Essalna's ghost, veteran GrFE; Rupert


Innate Abilities, Weirdness & Mutations

You are small and have problems with some larger weapons.
You are carnivorous and can eat meat at any time.


Message History

The skeletal warrior is severely damaged.
The skeletal warrior is covered in liquid flames!
The skeletal warrior burns!
The skeletal warrior completely misses you.
You feel better.
The skeletal warrior burns!
The skeletal warrior is engulfed in blazing flames.
The skeletal warrior hits you with a halberd of flaming.
* * * LOW HITPOINT WARNING * * *
The skeletal warrior burns you.
* * * LOW HITPOINT WARNING * * *
You barely miss the skeletal warrior.
The skeletal warrior is severely damaged.
You hit the skeletal warrior but do no damage.
The skeletal warrior is severely damaged.
The skeletal warrior burns!
The skeletal warrior stops burning.
The skeletal warrior is engulfed in blazing flames.
The skeletal warrior hits you with a halberd of flaming!
* * * LOW HITPOINT WARNING * * *
The skeletal warrior burns you.
You die...

.# ##..#..# #.# ##
##...#..# #). #
#####...)#..# #.. #
............# #.. #
########....# #.. #
............# ### #
............##
################.#
###§§§§§z♣......#..##
####
#..§###########.....#
#... #>#.# #.....#
#### ###### #.#.#
#...#.##### )....#
#z#.# #.........#
.#.#.# #.###
###...#.##### ...#.#
#.# #.....#.#
.###.###.# ###..##.#
.# #.z...# ####.....#


You could see a skeletal warrior.

Vanquished Creatures
  Gastronok (D:8)
  5 hydras
  A centaur warrior (D:13)
  2 two-headed ogres
  A tengu warrior (D:13)
  2 skeletal warriors (D:13)
  Sonja (Lair:1)
  Pikel (D:8)
  An ugly thing (D:12)
  A deep elf mage (D:12)
  A wolf spider (Lair:3)
  A cyclops (D:12)
  Joseph (D:7)
  4 black mambas
  8 spiny frogs
  3 gargoyles
  A rime drake (Lair:3)
  7 komodo dragons
  A queen bee (Lair:3)
  A troll (D:13)
  3 polar bears
  22 blink frogs
  6 hippogriffs
  6 slime creatures
  13 yaks
  5 wyverns
  A hungry ghost (D:9)
  2 steam dragons
  7 water moccasins
  2 porcupines
  7 orc warriors
  2 sky beasts
  A hornet zombie (D:10)
  2 ogres
  2 phantoms
  14 wolves
  9 centaurs
  6 crocodiles
  13 bullfrogs
  An elf zombie (D:6)
  A wyvern zombie (D:8)
  3 scorpions
  39 killer bees
  6 wights
  A howler monkey (D:9)
  4 bullfrog zombies
  6 crimson imps
  5 jellies
  A human zombie (D:6)
  10 orc wizards
  7 hounds
  5 orc priests
  3 human skeletons (D:6)
  An iguana (D:13)
  3 worker ants
  9 big kobold zombies (Ossuary)
  2 hound zombies
  A mummy (Ossuary)
  A worker ant zombie (D:9)
  Robin (D:3)
  5 adders
  6 gnolls (D:3)
  A howler monkey skeleton (D:8)
  2 shadow imps
  An ooze (D:1)
  4 adder zombies
  2 adder skeletons
  4 worms
  3 dart slugs
  5 leopard geckos
  48 orcs
  3 spectral bats (Ossuary)
  5 bats
  4 giant cockroaches
  3 gnoll zombies (Ossuary)
  25 goblins
  15 hobgoblins
  15 jackals
  4 quokkas
  3 ball pythons
  3 bat simulacra (Ossuary)
  4 frilled lizards
  2 goblin simulacra (Ossuary)
  6 goblin zombies (Ossuary)
  5 hobgoblin zombies (Ossuary)
  8 kobolds
  A kobold simulacrum (Ossuary)
  3 kobold zombies (Ossuary)
  4 orc skeletons (D:6)
  6 orc zombies
  A quokka zombie (D:5)
  8 rats
  3 rat simulacra (Ossuary)
  6 spectral goblins (Ossuary)
  2 spectral kobolds (Ossuary)
  A spectral rat (Ossuary)
498 creatures vanquished.

Vanquished Creatures (others)
  A leopard gecko (D:8)
  A goblin (D:2)
  8 fungi
  4 plants
14 creatures vanquished.

Grand Total: 512 creatures vanquished

Notes
Turn   | Place    | Note
-------+----------+-------------------------------------------
     0 | D:1      | Ihlosi the Kobold Ice Elementalist began the quest for the
                  | Orb.
     0 | D:1      | Reached XP level 1. HP: 10/10 MP: 3/3
   357 | D:1      | Reached XP level 2. HP: 15/15 MP: 3/5
   534 | D:1      | Reached XP level 3. HP: 20/20 MP: 0/6
  1112 | D:1      | Reached skill level 1 in Fighting
  1644 | D:2      | Reached XP level 4. HP: 25/25 MP: 3/8
  1650 | D:2      | Learned a level 4 spell: Throw Icicle
  2538 | D:3      | Reached skill level 1 in Shields
  2593 | D:3      | Found a runed gate.
  2658 | D:3      | Reached XP level 5. HP: 29/29 MP: 9/9
  2803 | D:3      | Found a blossoming altar of Fedhas.
  2837 | D:3      | Noticed Robin
  2860 | D:3      | Reached skill level 1 in Short Blades
  2868 | D:3      | Killed Robin
  3197 | D:3      | Reached XP level 6. HP: 34/34 MP: 11/11
  3217 | D:3      | Found an opulent altar of Gozag.
  3218 | D:3      | Found a sparkling altar of Nemelex Xobeh.
  3701 | D:3      | Found a runed gate.
  3702 | D:3      | Found a runed gate.
  3707 | D:3      | Noticed Elizilla's ghost (amateur FoFi)
  3795 | D:3      | Found a roughly hewn altar of Beogh.
  4767 | D:4      | Reached XP level 7. HP: 32/38 MP: 6/12
  5190 | D:5      | Entered Level 5 of the Dungeon
  5219 | D:5      | Found an opulent altar of Gozag.
  5390 | D:5      | Found a blossoming altar of Fedhas.
  5435 | D:5      | Found a hide-covered altar of Uskayaw.
  5474 | D:5      | Found a sacrificial altar of Ru.
  5497 | D:5      | Reached skill level 1 in Evocations
  6166 | D:6      | Reached XP level 8. HP: 29/44 MP: 14/14
  6310 | D:6      | Found a sand-covered staircase.
  6315 | Ossuary  | Entered an ossuary
  6554 | Ossuary  | Learned a level 4 spell: Summon Ice Beast
  7662 | D:6      | Found a staircase to the Ecumenical Temple.
  7674 | Temple   | Entered the Ecumenical Temple
  7987 | Temple   | Became a worshipper of Sif Muna the Loreminder
  8155 | D:6      | Noticed a moth of wrath
  8233 | D:6      | Found a bloodstained altar of Trog.
  8288 | D:7      | Reached skill level 5 in Ice Magic
  8288 | D:7      | Reached XP level 9. HP: 39/49 MP: 9/16
  8407 | D:7      | Reached skill level 5 in Spellcasting
  8411 | D:7      | Reached skill level 5 in Stealth
  8444 | D:7      | Reached skill level 5 in Short Blades
  8461 | D:7      | Noticed Joseph
  8467 | D:7      | Killed Joseph
  8467 | D:7      | Reached * piety under Sif Muna
  8467 | D:7      | Reached skill level 5 in Conjurations
  8858 | D:7      | Found a runed door.
  8858 | D:7      | Noticed Knorr's ghost (novice MiFi)
  9671 | D:7      | Found a shattered altar of Ashenzari.
  9671 | D:7      | Found a white marble altar of Elyvilon.
  9846 | D:8      | Noticed Gastronok
  9865 | D:8      | Killed Gastronok
  9865 | D:8      | Reached ** piety under Sif Muna
  9865 | D:8      | Reached skill level 5 in Dodging
  9865 | D:8      | Reached XP level 10. HP: 31/58 MP: 17/20
 10046 | D:8      | Found a glowing golden altar of the Shining One.
 10240 | D:8      | Noticed Pikel
 10261 | D:8      | Killed Pikel
 10690 | D:8      | Reached XP level 11. HP: 52/62 MP: 18/22
 11649 | D:9      | Reached *** piety under Sif Muna
 12033 | D:9      | Reached skill level 5 in Evocations
 12564 | D:9      | Found an ancient bone altar of Kikubaaqudgha.
 12630 | D:10     | Entered Level 10 of the Dungeon
 13555 | D:10     | Noticed a four-headed hydra
 13658 | D:10     | Reached skill level 5 in Fighting
 13903 | D:10     | Killed a four-headed hydra
 14369 | D:11     | Found a staircase to the Lair.
 14401 | D:11     | Reached **** piety under Sif Muna
 14517 | D:11     | Found a staircase to the Orcish Mines.
 14517 | D:11     | Noticed a two-headed ogre
 14581 | D:11     | Killed a two-headed ogre
 15128 | Lair:1   | Entered Level 1 of the Lair of Beasts
 15413 | Lair:1   | Noticed Sonja
 15421 | Lair:1   | Killed Sonja
 15421 | Lair:1   | Reached XP level 12. HP: 68/68 MP: 25/25
 15737 | Lair:1   | HP: 3/69 [blink frog (14)]
 15753 | Lair:1   | Noticed a five-headed hydra
 16469 | Lair:1   | Killed a five-headed hydra
 16669 | Lair:1   | Reached skill level 5 in Shields
 17268 | Lair:2   | Identified a scroll of acquirement
 17325 | Lair:2   | Reached ***** piety under Sif Muna
 18548 | Lair:3   | Found a staircase to the Shoals.
 18595 | Lair:3   | Learned a level 2 spell: Ensorcelled Hibernation
 19238 | Lair:2   | Reached XP level 13. HP: 65/75 MP: 7/26
 19977 | Lair:3   | Found a hole to the Spider Nest.
 19987 | Lair:3   | Identified Sif Muna's Catalogue of Blistering Conjuration
                  | (Sif Muna gifted it to you on level 3 of the Lair of
                  | Beasts)
 19987 | Lair:3   | Received a gift from Sif Muna
 19987 | Lair:3   | Reached skill level 1 in Hexes
 19994 | Lair:3   | Learned a level 4 spell: Sticky Flame
 20603 | Lair:4   | Noticed a four-headed hydra
 21343 | Lair:4   | Noticed a seven-headed hydra
 21542 | Lair:4   | Learned a level 1 spell: Apportation
 21617 | Lair:4   | Killed a four-headed hydra
 21617 | Lair:4   | Reached skill level 10 in Spellcasting
 22263 | Lair:5   | Found a runed door.
 22263 | Lair:5   | Found a shimmering altar of Xom.
 22263 | Lair:5   | Noticed Essalna's ghost (veteran GrFE)
 22419 | Lair:5   | Noticed a four-headed hydra
 22704 | Lair:5   | Found a staircase to the Slime Pits.
 22958 | Lair:5   | Reached skill level 10 in Ice Magic
 23693 | Lair:6   | Entered Level 6 of the Lair of Beasts
 23707 | Lair:6   | Noticed Rupert
 24535 | D:12     | Reached XP level 14. HP: 78/82 MP: 23/28
 24696 | D:12     | Reached skill level 10 in Stealth
 26102 | D:13     | HP: 6/123 [skeletal warrior/halberd of flaming[a skeletal
                  | warrior] (2)]
 26107 | D:13     | HP: 5/123 [skeletal warrior/halberd of flaming[a skeletal
                  | warrior] (11)]
 26107 | D:13     | Slain by a skeletal warrior

Skill      XL: |  1  2  3  4  5  6  7  8  9 10 11 12 13 14 |
---------------+-------------------------------------------+-----
Fighting       | 1 2 4 5 6 7 |  7.4
Stealth        | 3 4 6 9 10 | 10.6
Spellcasting   | 3 4 6 7 9 10 | 10.6
Shields        | 1 2 3 4 5 6 |  6.0
Short Blades   | 1 2 4 6 7 8 |  8.0
Dodging        | 3 4 5 6 7 8 |  8.0
Conjurations   | 2 4 5 6 7 9 |  9.7
Ice Magic      | 4 5 6 7 8 9 10 | 10.4
Evocations     | 1 2 4 5 6 7 |  7.7
Hexes          | 1 |  1.0
Crossbows      | |  0.1

Action                   |  1- 3 |  4- 6 |  7- 9 | 10-12 | 13-15 || total
-------------------------+-------+-------+-------+-------+-------++-------
Melee: Unarmed           |    18 |       |       |       |       ||    18
       Short sword       |    14 |    13 |       |       |       ||    27
       Dagger            |       |    50 |   104 |   228 |    96 ||   478
       Rapier            |       |    12 |   488 |       |       ||   500
       Falchion          |       |       |    25 |    59 |    13 ||    97
 Cast: Freeze            |    56 |    91 |    95 |   184 |    20 ||   446
       Throw Icicle      |       |       |     1 |    91 |    45 ||   137
       Ensorcelled Hiber |       |       |       |    21 |    85 ||   106
       Sticky Flame      |       |       |       |       |    11 ||    11
Evoke: Wand              |       |     1 |    17 |    16 |     8 ||    42
       Lamp of fire      |       |       |       |     1 |     1 ||     2
  Use: Scroll            |       |     8 |    10 |    15 |     8 ||    41
       Potion            |       |       |     1 |     7 |     5 ||    13
 Stab: Sleeping          |     1 |     5 |    25 |    21 |    59 ||   111
       Paralysed         |       |       |    10 |     7 |     1 ||    18
       Distracted        |       |       |     2 |       |     1 ||     3
  Eat: Chunk             |    11 |     8 |    18 |    36 |    22 ||    95
Armor: Robe              |    10 |    34 |   156 |    92 |    24 ||   316
       Skin              |       |       |       |    62 |     1 ||    63
Dodge: Dodged            |    61 |    88 |   424 |   497 |   154 ||  1224
       Rpst.: Falchion   |       |       |     7 |    21 |     3 ||    31
